Map: Abyssal Reef LE

Players

Bly

  • Race: Zerg Zerg
  • League: Grandmaster
  • Spawn Location: 11:00

aLive - Winner!

  • Race: Terran Terran
  • Spawn Location: 5:00

Event: HomeStory Cup XVI

VOD

Have the link to the VOD?

Description

Time

  • Played on: Nov. 11, 2017, 12:33 p.m.
  • Length: 13:00

All games in this series

Show
View Real Time Build Order
Export as new Build Order

Bly Zerg 

Build Orders: Pool First 

Get SALT Encoding   

  12  0:01  Drone  
  13  0:12  Overlord  
  13  0:18  Drone  
  14  0:32  Drone x2  
  14  0:34  Drone  
  17  0:44  Spawning Pool  
  17  0:49  Drone  
  17  1:02  Extractor  
  16  1:11  Hatchery  
  16  1:15  Drone  
  16  1:18  Drone  
  17  1:28  Drone  
  17  1:31  Zergling x2  
  19  1:36  Queen  
  21  1:43  Overlord  
  21  1:51  Drone  
  22  2:03  Roach Warren  
  21  2:10  Drone  
  21  2:13  Queen  
  24  2:22  Queen  
  26  2:44  Roach x2  
  26  2:45  Roach x2  
  26  2:49  Overlord  
  34  2:54  Drone  
  34  2:55  Drone  
  36  3:16  Drone x5  
  41  3:21  Overlord  
  41  3:28  Ravager x3  
  41  3:29  Overlord  
  44  3:38  Overlord  
  44  3:40  Drone x2  
  46  3:46  Drone x3  
  40  4:10  Drone x5  
  40  4:11  Drone x3  
  40  4:14  Extractor  
  48  4:17  Drone  
  48  4:20  Ravager  
  48  4:22  Drone x2  
  51  4:30  Metabolic Boost  
  51  4:35  Hatchery  
  51  4:37  Drone x2  
  52  4:41  Extractor  
  52  4:45  Overlord  
  51  4:56  Overlord  
  48  5:10  Roach x6  
  62  5:14  Zergling x4  
  62  5:15  Queen  
  62  5:17  Zergling x2  
  65  5:27  Zergling x4  
  67  5:29  Lair  
  67  5:33  Zergling x2  
  67  5:34  Evolution Chamber  
  67  5:36  Overlord  
  67  5:38  Overlord  
  67  5:41  Overlord  
  59  5:47  Roach x3, Overlord  
  60  5:58  Roach x4  
  60  6:03  Drone x3  
  69  6:16  Drone  
  69  6:17  Drone  
  71  6:18  Zerg Ground Armor Level 1  
  71  6:20  Overlord  
  71  6:22  Overlord  
  71  6:28  Glial Reconstitution  
  71  6:31  Drone x5  
  75  6:32  Extractor  
  75  6:34  Drone x3  
  77  6:40  Queen  
  79  6:47  Drone x2  
  79  6:48  Drone  
  79  6:49  Drone x2  
  79  6:50  Infestation Pit  
  83  7:03  Drone  
  83  7:04  Drone x3  
  88  7:08  Drone  
  88  7:21  Overlord  
  88  7:22  Drone  
  89  7:23  Extractor, Drone x4  
  89  7:24  Drone  
  89  7:26  Infestor x3  
  99  7:31  Queen  
  103  7:44  Spore Crawler  
  103  7:45  Burrow  
  103  7:46  Roach x5  
  103  7:50  Extractor  
  109  7:55  Ravager  
  109  7:56  Overlord  
  109  7:58  Zergling x14  
  116  8:12  Overlord  
  114  8:15  Drone x2  
  114  8:16  Drone  
  114  8:17  Overlord  
  114  8:18  Zerg Ground Armor Level 2  
  114  8:19  Drone x3  
  120  8:22  Hatchery  
  120  8:24  Hatchery  
  118  8:40  Hive  
  118  8:53  Zergling x14  
  118  8:54  Zergling x6  
  128  8:58  Evolution Chamber, Ravager x2  
  126  9:07  Roach x5  
  120  9:20  Roach x5  
  130  9:26  Infestor x3  
  135  9:32  Ravager  
  135  9:33  Ravager  
  135  9:35  Hatchery, Zerg Melee Weapons Level 1  
  136  9:45  Zergling x12  
  135  9:46  Zergling x4  
  133  9:55  Drone  
  133  9:58  Ultralisk Cavern  
  133  9:59  Roach x3  
  134  10:10  Drone  
  135  10:20  Roach  
  135  10:21  Roach x4  
  145  10:40  Hatchery  
  144  10:44  Overlord x3  
  144  10:47  Chitinous Plating  
  124  11:05  Hatchery  
  103  11:18  Infestor x2  
  91  11:20  Ultralisk x2  
  105  11:34  Hatchery  
  105  11:39  Ultralisk  
  110  11:41  Ultralisk  
  110  11:42  Zergling x26  
  129  11:53  Zergling x12  
  131  12:01  Ultralisk  
  131  12:06  Roach x6  
  136  12:27  Roach x5  
Show
View Real Time Build Order
Export as new Build Order

aLive Terran - Winner!

Build Orders: Reaper Expand, Bio Tank 

Get SALT Encoding   

  12  0:00  SCV  
  13  0:13  SCV  
  14  0:17  Supply Depot  
  14  0:25  SCV  
  15  0:38  SCV  
  15  0:39  Barracks  
  16  0:44  Refinery  
  16  0:50  SCV  
  17  1:03  SCV  
  18  1:15  SCV  
  19  1:26  Reaper  
  19  1:27  Orbital Command  
  20  1:42  Command Center  
  20  1:53  SCV  
  21  1:57  Barracks  
  21  2:02  Barracks Reactor  
  21  2:05  SCV  
  22  2:12  Supply Depot  
  22  2:17  SCV  
  23  2:27  Factory  
  23  2:29  Refinery  
  23  2:34  SCV  
  24  2:37  Marine  
  24  2:38  Marine  
  26  2:44  Barracks Tech Lab  
  26  2:47  SCV  
  27  2:55  Orbital Command  
  27  2:57  Marine  
  27  2:58  Marine  
  29  2:59  SCV  
  29  3:03  Marine  
  31  3:07  Stimpack  
  31  3:11  SCV  
  32  3:17  Marine x2  
  34  3:20  Marine  
  34  3:21  SCV  
  34  3:23  SCV  
  37  3:29  Starport  
  37  3:32  Factory Reactor  
  37  3:34  SCV  
  37  3:35  SCV  
  37  3:39  Supply Depot  
  39  3:44  Marine  
  39  3:45  Marine x2  
  39  3:47  SCV  
  39  3:48  SCV  
  42  4:02  Marine x2  
  36  4:04  SCV x2  
  37  4:16  Supply Depot  
  37  4:20  Medivac x2, Marine x3  
  37  4:21  SCV x2  
  46  4:25  Supply Depot  
  46  4:37  SCV x2  
  48  4:40  Marine x3  
  48  4:41  Engineering Bay  
  51  4:49  SCV x2  
  53  4:57  Factory Tech Lab  
  52  5:01  Command Center  
  52  5:04  Marine x3  
  52  5:06  Supply Depot, SCV x2  
  57  5:10  Terran Infantry Weapons Level 1  
  57  5:12  Combat Shields  
  57  5:21  Barracks  
  57  5:22  Supply Depot, SCV  
  57  5:24  SCV  
  59  5:30  Marine x3  
  62  5:39  Supply Depot, SCV x2  
  62  5:47  Siege Tank  
  62  5:48  Marine x3  
  67  5:52  SCV x2  
  69  6:02  Supply Depot  
  69  6:03  Refinery x2  
  68  6:08  Marine  
  68  6:09  Marine  
  68  6:10  Barracks Reactor  
  69  6:21  Orbital Command  
  69  6:23  Barracks  
  69  6:24  Barracks  
  62  6:28  Marine  
  62  6:29  Marine  
  62  6:30  Medivac x2  
  68  6:33  SCV x2  
  68  6:36  Marine  
  71  6:42  Supply Depot  
  71  6:43  Siege Tank  
  71  6:45  SCV x2  
  76  6:48  Orbital Command, Marine x2  
  76  6:49  Marine x2  
  80  6:57  Supply Depot  
  80  6:59  Marine  
  82  7:01  SCV x2  
  82  7:04  Terran Infantry Armor Level 1  
  82  7:07  Marine x4  
  87  7:14  SCV x3  
  90  7:17  Marine  
  91  7:24  Bunker  
  91  7:25  Barracks Reactor x2  
  91  7:26  SCV x3, Siege Tank  
  97  7:30  Marine x2  
  97  7:31  Marine x2  
  97  7:35  Supply Depot, Marine  
  97  7:36  Supply Depot  
  102  7:38  SCV x3  
  102  7:41  Medivac x2  
  109  7:48  Supply Depot  
  109  7:50  Refinery, SCV x3  
  112  7:54  Refinery  
  112  7:58  Armory  
  112  8:01  Engineering Bay  
  112  8:02  SCV x3  
  113  8:13  Marine x2  
  113  8:14  Marauder, Marine x6  
  113  8:16  Siege Tank  
  126  8:20  SCV x3  
  128  8:36  Factory  
  128  8:38  Command Center  
  128  8:40  Concussive Shells  
  128  8:44  Supply Depot  
  128  8:45  Supply Depot, Marine x7  
  128  8:47  Marine  
  136  8:55  Terran Infantry Weapons Level 2, Terran Vehicle Weapons Level 1  
  125  9:12  Marine  
  125  9:13  Marauder, Marine x7  
  135  9:27  Terran Infantry Armor Level 2  
  135  9:30  Marine x3  
  135  9:31  Marine x5  
  141  9:34  Marauder  
  141  9:37  Factory Tech Lab  
  143  9:39  Barracks  
  143  9:40  Barracks  
  143  9:42  Barracks  
  132  9:48  Marine  
  132  9:52  Marine x6  
  133  9:53  Marine  
  133  9:56  Marauder, Liberator x2  
  133  9:59  Siege Tank x2  
  147  10:00  Planetary Fortress  
  153  10:15  Marine x7  
  153  10:16  Marine  
  155  10:30  Barracks Tech Lab  
  155  10:31  Barracks Reactor, Barracks Tech Lab  
  155  10:40  Marine x8, Siege Tank x2  
  155  10:42  Marauder  
  168  10:45  Supply Depot x2  
  168  10:54  Marauder x2  
  169  11:05  Marine  
  169  11:06  Marauder, Marine x7  
  145  11:15  Marauder  
  145  11:16  Marauder  
  137  11:20  Siege Tank x2  
  137  11:22  Medivac x2  
  144  11:29  Marine x6  
  144  11:30  Marine x4  
  154  11:37  Marauder  
  154  11:38  Marauder x2  
  158  11:56  Liberator  
  158  11:58  Marine x10  
  168  12:02  Command Center  
  160  12:11  Marauder x3  
  160  12:13  Siege Tank x2  
  171  12:29  Marine x8  
  167  12:30  Marine  
  167  12:31  Marine  
Tags
 
Add a new tag
Caveats
  • Supply blocks, unpowered buildings, or Contaminate may cause inaccurate times.
  • Supply counts are checked every 10 seconds.